 Dungeon Crawl Stone Soup version 0.27-b1-16-g6517624069 (webtiles) character file.

Game seed: 2050401688893142999

49 pikapanic the Conjurer (level 3, -1/26 HPs)
             Began as a Draconian Conjurer on July 26, 2021.
             Slain by a scorpion (9 damage)
             ... on level 4 of the Dungeon.
             The game lasted 00:11:45 (2060 turns).

pikapanic the Conjurer (Draconian Conjurer)         Turns: 2060, Time: 00:11:45

Health: -1/26      AC:  5    Str:  9    XL:     3   Next: 51%
Magic:  1/6        EV: 12    Int: 19    God:
Gold:   75         SH:  0    Dex:  9    Spells: 3/6 levels left

rFire    . . .     SeeInvis .   h - +1 short sword (drain)
rCold    . . .     Faith    .   (no shield)
rNeg     . . .     Spirit   .   (armour unavailable)
rPois    +         Reflect  .   (helmet restricted)
rElec    .         Harm     +   g - scarf {harm}
rCorr    .         Rampage  .   (no gloves)
Will     .....                  (no boots)
Stlth    ++........             (no amulet)
HPRegen  0.08/turn              b - ring of poison resistance
MPRegen  0.10/turn              j - ring of poison resistance

@: no status effects
A: AC +5, unfitting armour, cold-blooded
a: no special abilities


You were on level 4 of the Dungeon.
You visited 1 branch of the dungeon, and saw 3 of its levels.

You collected 75 gold pieces.

Inventory:

Hand Weapons
 c - a +0 dagger of holy wrath
 h - a +1 short sword of draining (weapon)
Missiles
 a - 29 stones
 f - 6 boomerangs
 i - 37 sling bullets
Armour
 g - a scarf of harm (worn)
Jewellery
 b - a ring of poison resistance (left hand)
 j - a ring of poison resistance (right hand)
Scrolls
 n - a scroll of holy word
Potions
 d - a potion of curing {unknown}
 e - a potion of attraction {unknown}


   Skills:
 * Level 0.7 Short Blades
 - Level 1.7 Dodging
 - Level 1.7 Stealth
 + Level 2.3 Spellcasting
 + Level 5.0 Conjurations


You had 3 spell levels left.
You knew the following spells:

 Your Spells              Type           Power      Damage    Failure   Level
a - Magic Dart            Conj           84%        1d7       1%          1
b - Searing Ray           Conj           42%        3d4       3%          2

Your spell library contained the following spells:

 Spells                   Type           Power      Damage    Failure   Level
 Sandblast                Erth           4%         2d4       16%         1
 Dazzling Flash           Conj/Hex       22%        N/A       17%         3
 Passwall                 Tmut/Erth      1%         N/A       24%         2
 Fulminant Prism          Conj/Hex       5%         3d7       50%         4
 Iskenderun's Mystic Bla  Conj/Tloc      11%        2d4       50%         4
 Lee's Rapid Deconstruct  Erth           1%         3d5*      99%         5


Dungeon Overview and Level Annotations

Branches:
Dungeon (2/15)

Altars:


Innate Abilities, Weirdness & Mutations

Your plain brown scales are hard. (AC +5)
You cannot fit into any form of body armour.
You are cold-blooded and may be slowed by cold attacks.


Message History

Press: ? - help, Q - select action, (/) - cycle Shift-Dir - straight line, f - scorpion
Aim: a scorpion (100% to hit)
The magic dart hits the scorpion but does no damage.
Aiming: Magic Dart (safe; 1% risk of failure)
Press: ? - help, Q - select action, (/) - cycle Shift-Dir - straight line, f/p - scorpion
Aim: a scorpion (100% to hit)
The magic dart hits the scorpion.
The scorpion is moderately wounded.
Aiming: Magic Dart (safe; 1% risk of failure)
Press: ? - help, Q - select action, (/) - cycle Shift-Dir - straight line, f/p - scorpion
Aim: a scorpion (moderately wounded, 100% to hit)
The magic dart hits the scorpion but does no damage.
The scorpion is moderately wounded.
The scorpion barely misses you.
Casting: Magic Dart (safe; 1% risk of failure)
Confirm with . or Enter, or press ? or * to list all spells.
Aiming: Searing Ray (safe; 3% risk of failure)
Press: ? - help, Shift-Dir - straight line, f/p - scorpion
Aim: a scorpion (moderately wounded, 78% to hit)
The searing ray hits the scorpion.
The scorpion is severely wounded. (Press . to maintain the ray.)
An ufetubus comes into view.
The scorpion stings you but does no damage.
The searing ray hits the scorpion.
The scorpion is almost dead.
The scorpion barely misses you.
Without enough magic to sustain it, your searing ray dissipates.
The scorpion closely misses you. The scorpion stings you!
The scorpion stings you. The scorpion stings you.
The ufetubus shouts!
The ufetubus hits you but does no damage.
The ufetubus closely misses you.
The scorpion stings you but does no damage.
The ufetubus hits you but does no damage.
The ufetubus closely misses you. The ufetubus barely misses you.
The ufetubus misses you. The scorpion stings you!
You die...

........<# *,,,,,,*,******,*
######...# *.......,,,,,,*,*
...####### *.......,,,,,,*,* ....#
*.......,,,,,,*,* ....#
*.......>,,,,,*,* ....#
*.......,,,,,,*,* ....#
##########.......,,,,,,*,* ....#
#...#.......(....,,,,,,,,* ....#
#...#....@5......,,,,,,***
....####รท..#.....s....##*,,,,,,,*
......................#**,,,,,,,,
.....###...#............,,,,,,,,*
...........#............,,,,,,,,,
..........##.(..........,,,,,,,,,
..........##............,,,,,,,,*
..........#####.#.......,*,,,,,,,
####......# *.#.....,,,********


You could see a scorpion and an ufetubus.

Vanquished Creatures
  An adder (D:2)
  An adder skeleton (D:4)
  A worm (D:2)
  A ball python (D:1)
  An endoplasm (D:2)
  6 goblins
  5 hobgoblins
  7 jackals
  2 kobolds (D:1)
  A quokka (D:4)
  A frilled lizard (D:1)
  A jackal skeleton (D:4)
28 creatures vanquished.

Notes
Turn   | Place    | Note
-------+----------+-------------------------------------------
     0 | D:1      | pikapanic the Draconian Conjurer began the quest for the
                  | Orb.
     0 | D:1      | Reached XP level 1. HP: 14/14 MP: 3/3
   716 | D:1      | Reached XP level 2. HP: 20/20 MP: 1/5
   762 | D:1      | Learned a level 2 spell: Searing Ray
  1055 | D:1      | Found a faded altar of an unknown god.
  1406 | D:2      | Reached XP level 3. HP: 26/26 MP: 1/6
  1733 | D:2      | You fall into a shaft and drop 2 floors!
  1992 | D:4      | Reached skill level 5 in Conjurations
  2049 | D:4      | Noticed a scorpion
  2060 | D:4      | Slain by a scorpion

Illustrated notes

Levels and vault maps discovered:
D:1:      psy_arrival_dodecagon, layout_basic, chequers_ecumenical_altar_twisty,
          minmay_misc_feat_tower
D:2:      layout_loops_corners, grunt_decor_cap
D:4:      layout_basic

Skill      XL: |  1  2  3 |
---------------+----------+-----
Conjurations   | 5 |  5.0
Short Blades   | |  0.7
Dodging        | |  1.7
Stealth        | |  1.7
Spellcasting   | |  2.3

Action                   || total
-------------------------++-------
Melee: Short sword       ||    10
 Cast: Magic Dart        ||    59
       Searing Ray       ||     3
  Use: Scroll            ||     6
Armor: Skin              ||    18
Dodge: Dodged            ||    38
